 Dungeon Crawl Stone Soup version 0.28.0 (webtiles) character file.

Game seed: 16850634075931727813

3339 Zonian the Ducker (level 10, -8/60 HPs)
             Began as a Djinni Ice Elementalist on Feb 5, 2022.
             Was a Priest of Makhleb.
             Mangled by a manticore (11 damage)
             ... on level 7 of the Dungeon.
             The game lasted 00:32:27 (12261 turns).

Zonian the Ducker (Djinni Ice Elementalist)        Turns: 12261, Time: 00:32:33

Health: -8/60      AC:  3    Str:  7    XL:     10   Next: 22%
Gold:   370        EV: 16    Int: 24    God:    Makhleb [***...] SH:  0 Dex: 16

rFire   + + .      SeeInvis .   j - +1 short sword (drain)
rCold   . . .      Faith    .   (no shield)
rNeg    . . .      Spirit   .   a - +0 robe
rPois   ∞          Reflect  .   (no helmet)
rElec   .          Harm     .   (no cloak)
rCorr   .          Rampage  .   q - +0 pair of gloves
Will    .....                   (boots unavailable)
Stlth   +++.......              (no amulet)
HPRegen 0.20/turn               m - ring of ice
MPRegen 0.00/turn               n - ring "Viapp" {Fly rPois rF+ Will- Int+5}

@: freezing walls, flying
A: sickness immunity, fire resistance 2, cold vulnerability 1, float, innate
caster, HP casting, extra vitality 1
a: Renounce Religion, Minor Destruction, Lesser Servant of Makhleb


You were on level 7 of the Dungeon.
You worshipped Makhleb.
Makhleb was most pleased with you.
You visited 1 branch of the dungeon, and saw 7 of its levels.

You collected 370 gold pieces.

Inventory:

Hand Weapons
 b - a +0 dagger
 c - a +0 hunting sling of flaming
 j - a +1 short sword of draining (weapon)
 l - a +1 dagger of speed
 s - a +0 flail of holy wrath
 x - a +1 whip of electrocution
 A - a +0 long sword
 D - a +2 short sword of freezing
 E - the +6 trident of the Empty Page {flame, rPois Int+2}
   (You found it on level 7 of the Dungeon)

   It burns those it strikes, dealing additional fire damage.
   Int:       It affects your intelligence (+2).
   rPois:     It protects you from poison.
Missiles
 d - 105 sling bullets
 g - 179 stones
 r - 28 poisoned darts
 C - 2 curare-tipped darts
Armour
 a - a +0 robe (worn)
 q - a +0 pair of gloves (worn)
 B - a +0 buckler
Magical Staves
 p - a staff of cold
Jewellery
 m - a ring of ice (left hand)
 n - the ring "Viapp" (right hand) {Fly rPois rF+ Will- Int+5}
   (You found it on level 2 of the Dungeon)

   [ring of protection from fire]

   Int:       It affects your intelligence (+5).
   rF:        It protects you from fire.
   rPois:     It protects you from poison.
   Fly:       It grants you flight.
   Will:      It decreases your willpower.
Wands
 w - a wand of iceblast (7)
 y - a wand of paralysis (7)
Scrolls
 e - a scroll of amnesia
 h - 2 scrolls of fog
 o - 3 scrolls of identify
 u - a scroll of teleportation
Potions
 f - 5 potions of berserk rage
 i - a potion of cancellation
 k - 2 potions of mutation
 v - a potion of invisibility
 z - 2 potions of curing


   Skills:
 + Level 4.3 Short Blades
 + Level 4.3 Slings
 + Level 7.7 Dodging
 + Level 6.3 Stealth
 + Level 6.1 Spellcasting


You couldn't memorise any spells.
You knew the following spells:

 Your Spells              Type           Power      Damage    Failure   Level
a - Freeze                Ice            100%       1d11      1%          1
b - Frozen Ramparts       Ice            100%       1d12      1%          3
c - Ozocubu's Armour      Ice            54%        N/A       1%          3
d - Hailstorm             Conj/Ice       54%        3d12      6%          4
e - Apportation           Tloc           74%        N/A       1%          1
f - Passwall              Tmut/Erth      30%        N/A       1%          2
g - Inner Flame           Hex/Fire       37%        N/A       1%          3
h - Fulminant Prism       Conj/Hex       18%        3d11      6%          4
Your spell library was empty.

Dungeon Overview and Level Annotations

Branches:
Dungeon (7/15)             Temple (0/1) D:6

Altars:
Makhleb

Shops:
D:2 (


Innate Abilities, Weirdness & Mutations

You are immune to sickness and miasma.
You are immune to poison.
Your flesh is very heat resistant. (rF++)
You are vulnerable to cold. (rC-)
You float through the air rather than walking.
You learn spells naturally, not from books.
Your magical power is your life essence.
You have superior vitality. (+4 MHP)


Message History

Aim: a manticore (asleep, chance to affect: 78%)
The manticore barely resists.
Unknown command.
Casting: Inner Flame (safe; 1% risk of failure)
Confirm with . or Enter, or press ? or * to list all spells.
Casting: Frozen Ramparts (safe; 1% risk of failure)
Press: ? - help, Dir - look around, f - activate You feel a surge of power!
The walls around you are covered in ice.
The wall freezes the manticore!
Unknown command.
You hit the manticore. You burn the manticore.
The manticore is moderately wounded.
The wall freezes the manticore!
The manticore misses you. The manticore barely misses you.
The manticore claws you!
You hit the manticore but do no damage. Your punch misses the manticore.
The manticore is heavily wounded.
The wall freezes the manticore!
The manticore closely misses you. The manticore claws you.
The manticore claws you!
Unknown command.
You closely miss the manticore.
The manticore is severely wounded.
The wall freezes the manticore.
The manticore bites you!!
* * * LOW HITPOINT WARNING * * *
The manticore claws you.
* * * LOW HITPOINT WARNING * * *
The manticore barely misses you.
You feel much better.
The wall freezes the manticore!
The manticore bites you. The manticore misses you.
The manticore closely misses you.
Okay, then.
Okay, then.
Okay, then.
Okay, then.
The +6 trident of the Empty Page {flame, rPois Int+2} stops flaming.
You sense an unholy aura.
j - a +1 short sword of draining (weapon)
The wall freezes the manticore.
The manticore bites you!!
* * * LOW HITPOINT WARNING * * *
The manticore claws you!
You die...

####.#####..# #..# #.# #,*
#..#######..# #.# *,*
##...........# #.# *,*
#.....#####.## #.# *,*
#.....#####.# #.#
******,**##...........# #.#
,,,,,,,,.........###### #.#
*****,*,.#..#..#..## #.#
*,,.,##...##@..## #.#
*,,,,*##.###H...# #.#
#.##*,*#.#*.###.# #.#
#..##*,#.#.###..###### #.#
#...####.####..###...# #.#
##.#...,.8..........#.# #.#
#....#*##.####..###...#####.#
#...#*#.#.#.###..###....(...#
#..###.##.##)###.# ##########


You could see a manticore.

Vanquished Creatures
  A two-headed ogre (D:6)
  Pikel (D:4)
  A slime creature (D:7)
  A wraith (D:6)
  Edmund (D:6)
  A water moccasin (D:6)
  Duvessa (D:4)
  An ice beast (D:7)
  A necrophage (D:7)
  A black bear (D:6)
  4 lemures (D:4)
  3 kobold brigands
  4 scorpions
  A wyvern skeleton (D:7)
  Dowan (D:4)
  A howler monkey (D:6)
  A bullfrog zombie (D:6)
  A gnoll shaman (D:4)
  2 jellies
  4 orc priests (D:6)
  A bullfrog skeleton (D:6)
  An iguana (D:6)
  4 orc wizards
  Terence (D:3)
  A hound skeleton (D:4)
  2 howler monkey zombies (D:6)
  13 gnolls
  11 adders
  An ufetubus (D:6)
  3 adder skeletons
  An adder zombie (D:5)
  4 worms
  5 dart slugs
  8 orcs
  8 ball pythons
  6 bats
  3 endoplasms
  A giant cockroach (D:2)
  5 goblins
  4 hobgoblins
  14 kobolds
  6 quokkas
  7 frilled lizards
  4 rats
146 creatures vanquished.

Vanquished Creatures (others)
  A fulminant prism (D:7)
  A fungus (D:6)
  4 toadstools (D:6)
6 creatures vanquished.

Grand Total: 152 creatures vanquished

Notes
Turn   | Place    | Note
-------+----------+-------------------------------------------
     0 | D:1      | Zonian the Djinni Ice Elementalist began the quest for the
                  | Orb.
     0 | D:1      | Reached XP level 1. HP: 15/15 MP: 0/0
   410 | D:1      | Reached XP level 2. HP: 20/21 MP: 0/0
   490 | D:1      | Found a faded altar of an unknown god.
   753 | D:1      | Prayed at the altar of an unknown god.
   753 | D:1      | Became a worshipper of Makhleb the Destroyer
   753 | D:1      | Reached * piety under Makhleb
  1889 | D:2      | Reached XP level 3. HP: 18/25 MP: 0/0
  1889 | D:2      | Learned a level 1 spell: Apportation
  2004 | D:2      | Found Fasum's Antique Weapon Boutique.
  2135 | D:2      | Reached skill level 3 in Dodging
  2398 | D:2      | Reached XP level 4. HP: 30/31 MP: 0/0
  3790 | D:2      | Identified the ring "Viapp" {Fly rPois rF+ Will- Int+5}
  4682 | D:3      | Reached XP level 5. HP: 35/35 MP: 0/0
  4682 | D:3      | Learned a level 2 spell: Passwall
  4932 | D:3      | Noticed Terence
  4944 | D:3      | Killed Terence
  4945 | D:3      | Reached skill level 1 in Short Blades
  5168 | D:3      | Reached skill level 1 in Slings
  5709 | D:3      | Reached XP level 6. HP: 35/40 MP: 0/0
  5809 | D:4      | Reached ** piety under Makhleb
  6208 | D:4      | Noticed Duvessa
  6211 | D:4      | Reached skill level 4 in Dodging
  6211 | D:4      | Noticed Dowan
  6226 | D:4      | Killed Duvessa
  6227 | D:4      | Reached XP level 7. HP: 15/45 MP: 0/0
  6227 | D:4      | Learned a level 3 spell: Inner Flame
  6233 | D:4      | Killed Dowan
  6998 | D:4      | Noticed Pikel
  7028 | D:4      | Killed Pikel
  7029 | D:4      | Reached skill level 5 in Dodging
  7029 | D:4      | Reached XP level 8. HP: 22/50 MP: 0/0
  7554 | D:5      | Entered Level 5 of the Dungeon
  9239 | D:6      | Reached skill level 5 in Spellcasting
  9239 | D:6      | Reached XP level 9. HP: 48/55 MP: 0/0
  9239 | D:6      | Learned a level 4 spell: Fulminant Prism
  9395 | D:6      | Found a staircase to the Ecumenical Temple.
  9602 | D:6      | Reached *** piety under Makhleb
  9825 | D:6      | Reached skill level 6 in Dodging
 10015 | D:6      | Reached skill level 5 in Stealth
 10146 | D:6      | Noticed a two-headed ogre
 10146 | D:6      | Noticed Edmund
 10544 | D:6      | Killed a two-headed ogre
 10545 | D:6      | Reached skill level 7 in Dodging
 11131 | D:6      | Killed Edmund
 11132 | D:6      | Reached XP level 10. HP: 59/60 MP: 0/0
 11743 | D:7      | Identified the +6 trident of the Empty Page {flame, rPois
                  | Int+2}
 12252 | D:7      | Noticed a manticore
 12261 | D:7      | HP: 3/60 [manticore (18)]
 12261 | D:7      | Mangled by a manticore

Illustrated notes

Levels and vault maps discovered:
D:1:      minmay_arrival_floating_metal, layout_loops_ring,
          nicolae_ecumenical_snake_handling, minmay_misc_feat_tower,
          grunt_decor_clamped
D:2:      layout_loops_ring, serial_shops, nicolae_shop_stone,
          minmay_increasing_density
D:3:      layout_basic, uniq_terence
D:4:      layout_basic, uniq_duvessa, uniq_pikel
D:5:      layout_loops_ring, bh_walls_and_bars
D:6:      layout_basic, minmay_temple_entry_proselytizer,
          minmay_gold_behind_fungi, minmay_manual_moon, uniq_edmund
D:7:      layout_loops_ring, kb_rosetta

Skill      XL: |  1  2  3  4  5  6  7  8  9 |
---------------+----------------------------+-----
Stealth        | 2 3 4 6 |  6.3
Dodging        | 3 4 5 7 |  7.7
Short Blades   | 1 2 3 4 |  4.3
Slings         | 1 2 3 4 |  4.3
Spellcasting   | 4 5 6 |  6.1

Action                   |  1- 3 |  4- 6 |  7- 9 | 10-12 || total
-------------------------+-------+-------+-------+-------++-------
Melee: Unarmed           |     1 |       |       |       ||     1
       Dagger            |    10 |     6 |       |       ||    16
       Staff             |       |     3 |     5 |       ||     8
       Short sword       |       |       |    72 |    13 ||    85
       Flail             |       |       |     2 |       ||     2
       Trident           |       |       |       |    13 ||    13
 Fire: Hunting sling     |       |    47 |   145 |    25 ||   217
Throw: Dart              |       |       |     2 |       ||     2
 Cast: Freeze            |    37 |    59 |    25 |       ||   121
       Frozen Ramparts   |       |     5 |    19 |     4 ||    28
       Ozocubu's Armour  |       |       |     1 |     1 ||     2
       Inner Flame       |       |       |       |     1 ||     1
       Fulminant Prism   |       |       |       |     1 ||     1
       Hailstorm         |       |       |       |     1 ||     1
Evoke: Wand              |       |       |    10 |       ||    10
  Use: Scroll            |       |     8 |     7 |     1 ||    16
       Potion            |       |     2 |     1 |     1 ||     4
 Stab: Sleeping          |     2 |       |       |       ||     2
Armor: Robe              |     5 |     7 |    17 |     5 ||    34
Dodge: Dodged            |    32 |    45 |    98 |    26 ||   201
